AoeStats
← spadaccinho91

Arabia

510188945Analyzed
1v1 RM · 2d ago on Sep 29, 2026· 55m 39s· 2 players
Game mode
Random Map
Map size
Tiny (2 player)
Population
200
Speed
Normal
Resources
Standard
Victory
Conquest
Starting age
Dark Age
Ending age
Imperial Age
RankedLock teamsTeams togetherTeam positionsShared explorationLock speedFull tech treeHidden civsTurbo modeCheats
Victory
Defeat
🇮🇹 Byzantines · Italy
1010
+16
🇲🇽 Spanish · Mexico
1019
-16
spadaccinho91
11:04 Feudal Age
12:56 Double-Bit Axe
13:09 Fletching
14:19 Loom
36:19 Castle Age
44:39 Husbandry
45:08 Bodkin Arrow
45:13 Padded Archer Armor
45:32 Bow Saw
46:44 Thumb Ring
51:58 Leather Archer Armor
53:11 Fervor
Winnie The Pooh
6:33 Loom
11:42 Feudal Age
11:53 Man-at-Arms
13:10 Arson
15:35 Scale Mail Armor
15:48 Fletching
18:36 Double-Bit Axe
21:28 Forging
39:22 Padded Archer Armor
45:08 Castle Age
46:16 Long Swordsman
46:57 Squires
47:22 Bodkin Arrow
47:36 Gambesons
52:52 Elite Skirmisher
Connection lost

Rejoining the realm…

Still unreachable

The connection could not be restored.

Session expired

The server has moved on; the page needs a fresh start.